 Dungeon Crawl Stone Soup version 0.21.1-1-g345015f (webtiles) character file.

234 gloomy the Slasher (level 5, 0/42 HPs)
             Began as a Demonspawn Berserker on May 3, 2018.
             Was a Believer of Trog.
             Slain by Sigmund
             ... wielding a +0 scythe
              (12 damage)
             ... on level 3 of the Dungeon.
             The game lasted 00:20:29 (2890 turns).

gloomy the Slasher (Demonspawn Berserker)           Turns: 2890, Time: 00:20:30

Health: 0/42       AC:  6    Str: 21 (22) XL:     5   Next: 75%
Magic:  5/5        EV:  6    Int:  8      God:    Trog [**....]
Gold:   171        SH: 13    Dex: 12      Spells: 4/4 levels left

rFire    x . .     SeeInvis .   a - +0 falchion
rCold    + . .     Gourm    .   e - +0 large shield
rNeg     . . .     Faith    .   k - +0 scale mail
rPois    .         Spirit   .   (helmet restricted)
rElec    .         Reflect  .   (no cloak)
rCorr    .         Harm     .   (no gloves)
MR       .....                  (no boots)
Stlth    +.........             (no amulet)
HPRegen  0.14/turn              p - +3 ring of strength
MPRegen  0.09/turn              w - ring of ice

@: no status effects
A: antennae 1, demonic guardian 1, nightstalker 1
a: Berserk, Trog's Hand, Burn Spellbooks, Renounce Religion


You were on level 3 of the Dungeon.
You worshipped Trog.
Trog was pleased with you.
You were not hungry.

You visited 1 branch of the dungeon, and saw 3 of its levels.

You collected 171 gold pieces.

Inventory:

Hand Weapons
 a - a +0 falchion (weapon)
 j - a +0 short sword
Missiles
 d - 94 stones
 i - 5 tomahawks (quivered)
 m - 21 arrows
 o - 11 poisoned needles
 v - 16 bolts
Armour
 b - a +0 animal skin
 e - a +0 large shield (worn)
 g - a +0 leather armour
 h - a +0 robe
 k - a +0 scale mail (worn)
 l - a +0 scale mail
 q - a +0 chain mail
 r - a +0 naga barding
 s - a +0 ring mail
 x - a +0 chain mail
Jewellery
 p - a +3 ring of strength (left hand)
 w - a ring of ice (right hand)
Scrolls
 f - a scroll of fog
 n - 2 scrolls of remove curse
 t - a scroll of identify
Comestibles
 c - 5 rations
 u - 8 chunks of flesh


   Skills:
 + Level 3.6 Fighting
 + Level 4.2 Long Blades
 + Level 2.5 Armour
 + Level 2.3 Dodging
 + Level 0.5 Stealth
 + Level 2.1 Shields


You had 4 spell levels left.
You didn't know any spells.

Dungeon Overview and Level Annotations

Branches:
Dungeon (3/15)

Altars:

Annotations:
D:3 Sigmund


Innate Abilities, Weirdness & Mutations

You have a pair of small antennae on your head.
A weak demonic guardian rushes to your aid.
You are slightly more attuned to the shadows.


Message History

Deactivating autopickup; reactivate with Ctrl-A.
You swap places.
You hear some strange, mumbled words.
A puff of flame appears from out of thin air!
The puff of flame hits you! The fire burns you terribly! Something hits you!
* * * LOW HITPOINT WARNING * * *
You swap places.
A magic dart appears from out of thin air!
The magic dart hits your quasit.
You hear a zap.
A puff of flame appears from out of thin air!
The puff of flame hits your quasit.
Your quasit resists.
Your quasit dies!
Some of the chunks of flesh in your inventory have rotted away.
You block something's attack. You block something's attack.
You hit something but do no damage. Something hits you!
You die...

##...#########.. ##.#.....#
#.
............##(###.#......#
#.
............##(##.#.......#
#.
............##.###........#
#. ##...####.####.#
##.#.....# #.
##...####.####{# #.#######
## #............#.# #.# #
#....#.##.##.#.####.#
########
#......##......{@...#
#...)...
.......#####.#.######
#.######
.....#.#####.#.######## #.#
.............#........# #.#
.##..........########.####.#
....##.#####.# #......#
.......# #.# ########
....##.# #.# .....).# #.#


There were no monsters in sight!

Vanquished Creatures
  The ghost of GreenArt the Cudgeler, an amateur HOMo of Ashenzari (D:3)
  A gnoll (D:3)
  An adder (D:2)
  A worm (D:1)
  2 dart slugs (D:3)
  8 giant cockroaches
  6 goblins
  7 hobgoblins
  4 jackals (D:1)
  4 kobolds
  A quokka (D:2)
  A ball python (D:2)
  7 bats
  6 frilled lizards
  7 rats
57 creatures vanquished.

Vanquished Creatures (collateral kills)
  2 gnolls (D:3)
2 creatures vanquished.

Grand Total: 59 creatures vanquished

Notes
Turn   | Place    | Note
-------+----------+-------------------------------------------
     0 | D:1      | gloomy the Demonspawn Berserker began the quest for the Orb.
     0 | D:1      | Reached XP level 1. HP: 18/18 MP: 1/1
   409 | D:1      | Reached skill level 3 in Long Blades
   409 | D:1      | Gained mutation: You have a pair of small antennae on your head. [demonic ancestry]
   409 | D:1      | Reached XP level 2. HP: 24/24 MP: 2/2
  1301 | D:1      | Gained mutation: You are slightly more attuned to the shadows. [demonic ancestry]
  1301 | D:1      | Reached XP level 3. HP: 20/29 MP: 3/3
  1517 | D:2      | Reached ** piety under Trog
  2419 | D:3      | Noticed GreenArt's ghost (amateur HOMo)
  2439 | D:3      | Killed GreenArt's ghost
  2439 | D:3      | Reached skill level 4 in Long Blades
  2439 | D:3      | Gained mutation: A weak demonic guardian rushes to your aid. [demonic ancestry]
  2439 | D:3      | Reached XP level 4. HP: 29/36 MP: 4/4
  2439 | D:3      | Reached XP level 5. HP: 33/41 MP: 5/5
  2869 | D:3      | Noticed Sigmund
  2890 | D:3      | Slain by Sigmund

Skill      XL: |  1  2  3 |
---------------+----------+-----
Long Blades    | 3 4 |  4.2
Armour         | 2 |  2.5
Dodging        | 2 |  2.3
Shields        | 2 |  2.1
Fighting       | |  3.6
Stealth        | |  0.5

Action                   |  1- 3 |  4- 6 || total
-------------------------+-------+-------++-------
Melee: Falchion          |   193 |    43 ||   236
Throw: Tomahawk          |       |     7 ||     7
Invok: Burn Spellbooks   |     1 |       ||     1
       Berserk           |     1 |       ||     1
       Trog's Hand       |     1 |       ||     1
  Use: Scroll            |     3 |       ||     3
       Potion            |     4 |       ||     4
  Eat: Chunk             |     5 |     3 ||     8
Armor: Leather armour    |    11 |       ||    11
       Scale mail        |    96 |    15 ||   111
Dodge: Dodged            |    74 |    11 ||    85
Block: Large shield      |   132 |    38 ||   170
       Rpst.: Falchion   |    30 |     5 ||    35
